 Dungeon Crawl Stone Soup version 0.29.1-1-gd02db6906a (webtiles) character file.

Game seed: 369334769357411630

74 Kold the Insei (level 4, 0/37 HPs)
             Began as a Demonspawn Monk on Oct 19, 2022.
             Succumbed to an adder's poison
             ... on level 2 of the Dungeon.
             The game lasted 00:01:45 (1181 turns).

Kold the Insei (Demonspawn Monk)                    Turns: 1181, Time: 00:01:46

Health: 0/37       AC:  2    Str: 11 (12) XL:     4   Next: 10%
Magic:  4/4        EV: 13    Int:  8 (11) God:
Gold:   116        SH:  0    Dex: 14 (17) Spells: 3/3 levels left

rFire   . . .      SeeInvis .     - Unarmed
rCold   . . .      Faith    .   (no shield)
rNeg    . . .      Spirit   .   a - +0 robe
rPois   .          Reflect  .   (no helmet)
rElec   .          Harm     .   (no cloak)
rCorr   .          Rampage  .   (no gloves)
Will    .....                   (no boots)
Stlth   ++........              (no amulet)
HPRegen 0.12/turn               (no ring)
MPRegen 0.09/turn               (no ring)

@: lethally poisoned (0 -> -7), attractive
A: claws 1, ignite blood 1
a: no special abilities


You were on level 2 of the Dungeon.
You visited 1 branch of the dungeon, and saw 2 of its levels.

You collected 116 gold pieces.

Inventory:

Armour
 a - a +0 robe (worn)
Scrolls
 e - a scroll of silence {unknown}
Potions
 b - a potion of ambrosia


   Skills:
 + Level 3.6 Fighting
 - Level 3.0 Dodging
 - Level 2.0 Stealth
 * Level 3.7 Unarmed Combat


You had 3 spell levels left.
You didn't know any spells.
Your spell library was empty.

Dungeon Overview and Level Annotations

Branches:
Dungeon (2/15)

Altars:


Innate Abilities, Weirdness & Mutations

You have sharp fingernails.
Your demonic aura sometimes causes spilled blood to erupt in flames.


Message History

You barely miss the adder. The adder bites you but does no damage.
You closely miss the adder.
You feel sick. The adder bites you. The adder bites you but does no damage.
You scratch the adder.
The adder is heavily wounded.
You feel sick. The adder completely misses you.
You miss the adder.
The adder is heavily wounded.
You feel sick.
You are no longer poisoned.
The adder bites you.
* * * LOW HITPOINT WARNING * * *
You are poisoned.
The adder poisons you!
It was a potion of degeneration.
There was something very wrong with that liquid.
You feel weakened.
You feel dopey.
You feel clumsy.
You feel sick. The adder barely misses you.
It was a potion of attraction.
You feel attractive to monsters.
You feel sick. The adder barely misses you. The adder bites you.
* * * LOW HITPOINT WARNING * * *
You are lethally poisoned!
The adder poisons you!
Blink to where?
Press: ? - help, Dir - move target
As you read the scroll labelled TOAJAFUULU, it crumbles to dust.
It was a scroll of blinking.
* * * LOW HITPOINT WARNING * * *
You feel sick. The adder is attracted toward you.
As you read the scroll labelled UXEGAS BI RIXT, it crumbles to dust.
It is a scroll of amnesia.
You feel forgetful for a moment.
* * * LOW HITPOINT WARNING * * *
You feel sick. The adder is attracted toward you.
The gnoll is attracted toward you.
As you read the scroll labelled MOUKOT EDD, it crumbles to dust.
You assume a fearsome visage.
The adder looks frightened!
The gnoll looks frightened!
It was a scroll of fear.
You die...

#####..###.#. .#
#######...........^
#
#............###.##
#.#####.####.#
#[.....# #..#####
#..########
#######..........
.......@S§#######
########...g)§.#
#.#####§# #.# #.#
..# #†# #### #.#
#)# #.# #.#


You could see a gnoll (fleeing) and an adder (fleeing).

Vanquished Creatures
  A gnoll (D:2)
  An adder (D:2)
  4 dart slugs (D:1)
  3 ball pythons
  6 bats (D:1)
  3 endoplasms
  3 giant cockroaches
  A goblin (D:2)
  3 hobgoblins (D:1)
  4 jackals (D:1)
  5 kobolds
  3 quokkas (D:1)
  4 frilled lizards
  2 rats (D:1)
43 creatures vanquished.

Notes
Turn   | Place    | Note
-------+----------+-------------------------------------------
     0 | D:1      | Kold the Demonspawn Monk began the quest for the Orb.
     0 | D:1      | Reached XP level 1. HP: 18/18 MP: 1/1
    67 | D:1      | Gained mutation: You have sharp fingernails. [demonic
                  | ancestry]
    67 | D:1      | Reached XP level 2. HP: 22/24 MP: 2/2
   122 | D:1      | Found a faded altar of an unknown god.
   451 | D:1      | Gained mutation: Your demonic aura sometimes causes spilled
                  | blood to erupt in flames. [demonic ancestry]
   451 | D:1      | Reached XP level 3. HP: 29/29 MP: 3/3
  1157 | D:2      | Reached XP level 4. HP: 25/37 MP: 4/4
  1181 | D:2      | Succumbed to an adder's poison

Illustrated notes

Levels and vault maps discovered:
D:1:      dpeg_arrival_court, layout_basic,
          chequers_ecumenical_altar_simple_redux
D:2:      layout_loops_ring

Skill      XL: |  1  2 |
---------------+-------+-----
Stealth        | 2 |  2.0
Unarmed Combat | 3 |  3.7
Dodging        | 3 |  3.0
Fighting       | |  3.6

Action                   |  1- 3 |  4- 6 || total
-------------------------+-------+-------++-------
Melee: Unarmed           |   107 |     8 ||   115
       Punch             |     1 |       ||     1
  Use: Scroll            |       |     3 ||     3
       Potion            |       |     2 ||     2
 Stab: Sleeping          |    12 |       ||    12
Armor: Robe              |    21 |     2 ||    23
Dodge: Dodged            |    76 |    11 ||    87
